Map: Blackburn LE

Players

DRG

  • Race: Zerg Zerg

Bunny - Winner!

  • Race: Terran Terran

Event: TSL 8

VOD

Have the link to the VOD?

Description

Time

  • Played on: Nov. 25, 2021, 4:38 a.m.
  • Length: 3:25

All games in this series

Show
View Real Time Build Order
Export as new Build Order

DRG Zerg 

Build Orders: Hatch First 

Get SALT Encoding   

  12  0:00  Drone  
  13  0:12  Overlord  
  13  0:16  Drone  
  14  0:30  Drone x2  
  16  0:48  Hatchery  
  15  0:51  Drone  
  15  0:54  Drone  
  17  0:58  Drone  
  18  1:09  Extractor  
  17  1:13  Spawning Pool  
  17  1:16  Drone  
  17  1:20  Drone  
  18  1:27  Drone  
  19  1:39  Drone  
  20  1:49  Drone  
  21  2:01  Queen  
  21  2:02  Zergling x4  
  21  2:03  Queen  
  27  2:10  Zergling x2  
  27  2:15  Spine Crawler  
  27  2:23  Zergling x2  
  27  2:32  Zergling x2  
  26  2:47  Zergling x6  
  28  2:58  Zergling x2  
  26  3:04  Zergling x2  
Show
View Real Time Build Order
Export as new Build Order

Bunny Terran - Winner!

Build Orders:  

Get SALT Encoding   

  12  0:00  SCV  
  13  0:12  SCV  
  14  0:19  Supply Depot  
  14  0:24  SCV  
  15  0:40  SCV, Barracks  
  16  0:52  Barracks  
  16  1:05  Barracks  
  16  1:08  SCV  
  17  1:20  SCV  
  18  1:27  Marine  
  18  1:32  Orbital Command  
  19  1:37  Supply Depot  
  19  1:39  Marine  
  20  1:45  Marine  
  21  1:52  Marine  
  22  1:57  Marine  
  23  2:03  Bunker, Marine  
  23  2:07  SCV  
  25  2:09  Marine  
  25  2:15  Marine  
  27  2:17  Bunker  
  27  2:21  Marine  
  28  2:25  Supply Depot  
  28  2:27  Marine  
  29  2:33  Bunker, Marine  
  30  2:38  Marine  
  30  2:45  Marine  
  30  2:50  SCV, Marine  
  33  2:56  Marine  
  32  3:03  Marine  
  31  3:06  Supply Depot, SCV  
  31  3:08  Refinery  
  34  3:23  Refinery  
Tags
 
Add a new tag
Caveats
  • Supply blocks, unpowered buildings, or Contaminate may cause inaccurate times.
  • Supply counts are checked every 10 seconds.